 Dungeon Sprint DCSS version 0.29-a0-451-gfbfa42419e (webtiles) character file.

Game seed: 13605169564478786540

1471 Pelinal the Basher (level 8, -1/132 HPs)
             Began as a Minotaur Berserker on May 20, 2022.
             Was a Priest of Trog.
             Slain by a centaur warrior (4 damage)
             ... in the Dungeon (Sprint I: "Red Sonja").
             The game lasted 00:02:45 (966 turns).

Pelinal the Basher (Minotaur Berserker)              Turns: 966, Time: 00:02:46

Health: -1/132     AC: 10    Str: 23    XL:     8   Next: 49%
Magic:  7/7        EV: 12    Int:  4    God:    Trog [***...]
Gold:   438        SH:  0    Dex: 11    Spells: 7/7 levels left

rFire   . . .      SeeInvis .   a - +0 mace
rCold   . . .      Faith    .   (no shield)
rNeg    . . .      Spirit   .   k - +0 scale mail
rPois   .          Reflect  .   (helmet restricted)
rElec   .          Harm     .   (no cloak)
rCorr   .          Rampage  .   (no gloves)
Will    ++...      NoTele   +   l - +0 pair of boots
Stlth   ..........              (no amulet)
HPRegen 1.32/turn               (no ring)
MPRegen 0.10/turn               (no ring)

@: berserking, strong-willed, regenerating, hasted, very quick
A: horns 2, retaliatory headbutt
a: Renounce Religion, Berserk, Trog's Hand


You were in the Dungeon.
You worshipped Trog.
Trog was most pleased with you.
You visited 1 branch You collected 532 gold pieces.
You spent 94 gold pieces at shops.

Inventory:

Hand Weapons
 a - a +0 mace (weapon)
Armour
 k - a +0 scale mail (worn)
 l - a +0 pair of boots (worn)
Wands
 i - a wand of flame (8)
Scrolls
 b - a scroll of silence {unknown}
 h - a scroll of blinking
Potions
 c - 2 potions of curing
 f - 2 potions of magic
 g - a potion of berserk rage
 j - 2 potions of flight {unknown}


   Skills:
 + Level 13.7 Fighting
 - Level 14.0 Maces & Flails
 + Level 10.3 Armour
 + Level 6.9 Dodging
 + Level 0.9 Stealth


You had 7 spell levels left.
You didn't know any spells.
Your spell library was empty.

Dungeon Overview and Level Annotations

Branches:
Dungeon (1/1)

Altars:
Cheibriados
Dithmenos
Elyvilon
Fedhas
Gozag
Hepliaklqana
Kikubaaqudgha
Nemelex Xobeh
Okawaru
Qazlal
Ru
Sif Muna
Trog
Uskayaw
Vehumet
Wu Jian
Yredelemnul
Zin
The Shining One

Shops:
D *


Innate Abilities, Weirdness & Mutations

You have a pair of horns on your head.
You reflexively headbutt those who attack you in melee.


Message History

You closely miss the centaur warrior.
The centaur warrior is lightly wounded.
The centaur warrior closely misses you. You furiously retaliate!
You headbutt the centaur warrior!
The centaur warrior kicks you but does no damage.
The centaur warrior hits you.
The centaur warrior kicks you but does no damage.
Okay, then.
You sock the centaur warrior!
You headbutt the centaur warrior, but do no damage.
The centaur warrior is heavily wounded.
The centaur warrior hits you.
The centaur warrior kicks you but does no damage.
The centaur warrior hits you!
* * * LOW HITPOINT WARNING * * *
The centaur warrior kicks you.
* * * LOW HITPOINT WARNING * * *
Unknown command.
You feel yourself speed up.
You recover from your berserk rage.
The centaur warrior hits you.
* * * LOW HITPOINT WARNING * * *
The centaur warrior kicks you.
* * * LOW HITPOINT WARNING * * *
The centaur warrior hits you but does no damage.
The centaur warrior kicks you but does no damage.
The centaur warrior hits you!
* * * LOW HITPOINT WARNING * * *
The centaur warrior kicks you but does no damage.
A red film seems to cover your vision as you go berserk!
You feel yourself moving faster!
You feel mighty!
The centaur warrior hits you but does no damage.
The centaur warrior kicks you but does no damage.
The centaur warrior misses you.
The centaur warrior kicks you but does no damage.
Unknown command.
You hit the centaur warrior.
The centaur warrior is heavily wounded.
The centaur warrior hits you.
You die...

#############
#.)').#..'..#
'..#..').#..+
#####'#####'# ####
####..#...#.####§§#
#__####..##.#§§§§c#
#_____##)#_.§§≈§@§+
#_.∩...'.§§§#§§§§c#
#_..__##_.#'##+####
#_____###'#.#
#########.####+###
.......'...'.....+
++++####...#######
##.## #+#


You could see 2 centaur warriors.

Vanquished Creatures
  Sonja (D)
  A deep troll (D)
  A yak (D)
  Sigmund (D)
  An ogre (D)
  A jelly (D)
  Ijyb (D)
7 creatures vanquished.

Notes
Turn   | Place    | Note
-------+----------+-------------------------------------------
     0 | D        | Pelinal the Minotaur Berserker began the quest for the Orb.
     0 | D        | Reached XP level 1. HP: 19/19 MP: 0/0
     1 | D        | Noticed Ijyb
     8 | D        | Killed Ijyb
     9 | D        | Reached skill level 5 in Fighting
     9 | D        | Reached skill level 5 in Maces & Flails
     9 | D        | Reached XP level 2. HP: 6/29 MP: 1/1
   269 | D        | Noticed an ogre
   272 | D        | Killed an ogre
   273 | D        | Reached skill level 7 in Maces & Flails
   273 | D        | Reached XP level 3. HP: 39/39 MP: 2/2
   273 | D        | Reached XP level 4. HP: 47/47 MP: 3/3
   302 | D        | Noticed Sigmund
   312 | D        | Killed Sigmund
   312 | D        | Reached ** piety under Trog
   313 | D        | Reached skill level 10 in Maces & Flails
   313 | D        | Reached skill level 5 in Armour
   313 | D        | Reached XP level 5. HP: 56/57 MP: 4/4
   349 | D        | Found a shimmering blue altar of Sif Muna.
   350 | D        | Found an ornate altar of the Wu Jian Council.
   351 | D        | Found a radiant altar of Vehumet.
   355 | D        | Reached XP level 6. HP: 54/66 MP: 5/5
   414 | D        | Found Norao's Assorted Antiques.
   414 | D        | Found an ancient bone altar of Kikubaaqudgha.
   414 | D        | Found a hazy altar of Hepliaklqana.
   414 | D        | Found a stormy altar of Qazlal.
   414 | D        | Found a hide-covered altar of Uskayaw.
   414 | D        | Found a blossoming altar of Fedhas.
   414 | D        | Found a bloodstained altar of Trog.
   414 | D        | Found an iron altar of Okawaru.
   414 | D        | Found a basalt altar of Yredelemnul.
   414 | D        | Found a glowing golden altar of the Shining One.
   414 | D        | Found a snail-covered altar of Cheibriados.
   414 | D        | Found a sacrificial altar of Ru.
   414 | D        | Found a glowing silver altar of Zin.
   414 | D        | Found a shadowy altar of Dithmenos.
   414 | D        | Found a white marble altar of Elyvilon.
   414 | D        | Noticed a yak
   428 | D        | Killed a yak
   429 | D        | Reached skill level 10 in Fighting
   429 | D        | Reached skill level 11 in Maces & Flails
   429 | D        | Reached skill level 5 in Dodging
   430 | D        | Found an opulent altar of Gozag.
   460 | D        | Found a sparkling altar of Nemelex Xobeh.
   466 | D        | Bought a pair of boots for 94 gold pieces
   575 | D        | Noticed Sonja
   584 | D        | HP: 1/100 [Sonja/+0 short sword of distortion (22)]
   585 | D        | Killed Sonja
   586 | D        | Reached skill level 13 in Maces & Flails
   586 | D        | Reached XP level 7. HP: 2/78 MP: 6/6
   913 | D        | Noticed a deep troll
   921 | D        | Killed a deep troll
   921 | D        | Reached *** piety under Trog
   922 | D        | Reached skill level 14 in Maces & Flails
   922 | D        | Reached skill level 10 in Armour
   922 | D        | Reached XP level 8. HP: 88/88 MP: 7/7
   950 | D        | Noticed a centaur warrior
   951 | D        | Noticed a centaur warrior
   964 | D        | HP: 1/88 [centaur warrior (8)]
   966 | D        | Slain by a centaur warrior

Illustrated notes

Levels and vault maps discovered:
D:        dungeon_sprint_1 [red_sonja_temple_1, red_sonja_temple_small_1]

Skill      XL: |  1  2  3  4  5  6  7 |
---------------+----------------------+-----
Fighting       | 5 7 9 12 13 | 13.7
Maces & Flails | 5 7 10 13 14 | 14.0
Armour         | 3 4 5 9 10 | 10.3
Dodging        | 3 4 6 |  6.9
Stealth        | |  0.9

Action                   |  1- 3 |  4- 6 |  7- 9 || total
-------------------------+-------+-------+-------++-------
Melee: Mace              |     6 |    29 |    13 ||    48
       Headbutt          |     1 |     4 |     5 ||    10
Invok: Berserk           |     2 |     3 |     2 ||     7
       Trog's Hand       |       |       |     1 ||     1
  Use: Potion            |       |       |     2 ||     2
Armor: Scale mail        |     1 |    10 |    29 ||    40
Dodge: Dodged            |     1 |    12 |    16 ||    29

Table legend: (Time is in decaauts)
 A = Elapsed time spent in this place.
 B = Non-inter-level travel time spent in this place.
 C = Inter-level travel time spent in this place.
 D = Time resting spent in this place.
 E = Time spent auto-exploring this place.
 F = Levels seen in this place.
 G = Mean time per level.
                   A        B        C        D        E       F      G
               +--------+--------+--------+--------+--------+-----+--------+
         Total |   1018 |   1018 |      0 |    789 |      0 |   1 | 1018.0 |
       Dungeon |   1018 |   1018 |      0 |    789 |      0 |   1 | 1018.0 |
               +--------+--------+--------+--------+--------+-----+--------+

Top non-repeatable levels by time:
       D: 1018 daAuts
